2764 views
Uploaded 2021-01-14 01:03:05
Game version 1.32.9
90:49 long 1on1on1on1 ladder game on (8)Sanctuary_LV
Saved by Osibe
2764 views
Uploaded 2021-01-14 01:03:05
Game version 1.32.9
90:49 long 1on1on1on1 ladder game on (8)Sanctuary_LV

232 units @ 34.2k
/ 6.7k
121 buildings @ 19.2k
/ 10.8k



| Healing Salve | 7 | 700 |
| Lesser Clarity Potion | 6 | 420 |
| Scroll of Town Portal | 13 | 4550 |
| Potion of Lesser Invulnerability | 1 | 150 |
| total: | 27 | 5820g |
| Peon | 51 | 3825 | / | 0 |
| Troll Headhunter | 13 | 1820 | / | 260 |
| Spirit Walker | 7 | 1365 | / | 245 |
| Shaman | 15 | 1950 | / | 300 |
| Grunt | 1 | 200 | / | 0 |
| Tauren | 9 | 2520 | / | 720 |
| Troll Batrider | 100 | 16000 | / | 4000 |
| Troll Berserker | 17 | 2380 | / | 340 |
| Troll Witch Doctor | 6 | 870 | / | 150 |
| Kodo Beast | 2 | 510 | / | 120 |
| Raider | 4 | 720 | / | 160 |
| Wind Rider | 5 | 1325 | / | 200 |
| Goblin Shredder | 2 | 750 | / | 200 |
| total: | 232 | 34235g | / | 6695w |
| Watch Tower | 72 | 7920 | / | 5760 |
| Orc Burrow | 11 | 1760 | / | 440 |
| War Mill | 4 | 820 | / | 0 |
| Barracks | 4 | 720 | / | 200 |
| Altar of Storms | 2 | 360 | / | 100 |
| Voodoo Lounge | 3 | 390 | / | 90 |
| Great Hall | 15 | 5775 | / | 2775 |
| Tauren Totem | 3 | 405 | / | 465 |
| Spirit Lodge | 3 | 450 | / | 450 |
| Beastiary | 4 | 580 | / | 560 |
| Stronghold | 2 | 630 | / | 380 |
| Fortress | 2 | 650 | / | 380 |
| total: | 121 | 19180g | / | 10840w |
| 0:03 | Peon |
| 0:03 | Peon |
| 0:06 | Orc Burrow |
| 0:27 | Peon |
| 0:27 | Peon |
| 0:39 | War Mill |
| 0:49 | Peon |
| 0:49 | Peon |
| 0:57 | Orc Burrow |
| 1:17 | Peon |
| 1:29 | Barracks |
| 1:50 | Altar of Storms |
| 1:58 | Peon |
| 2:11 | Barracks |
| 2:17 | Peon |
| 2:25 | Peon |
| 2:58 | Voodoo Lounge |
| 3:16 | Troll Headhunter |
| 3:23 | Orc Burrow |
| 3:38 | Troll Headhunter |
| 3:56 | War Stomp |
| 4:08 | Steel Ranged Weapons |
| 4:09 | Troll Headhunter |
| 4:25 | Troll Headhunter |
| 4:32 | Voodoo Lounge |
| 4:51 | Troll Headhunter |
| 5:27 | Troll Headhunter |
| 5:52 | Healing Salve |
| 5:56 | Steel Armor |
| 6:00 | Troll Headhunter |
| 6:09 | Watch Tower |
| 6:30 | Watch Tower |
| 6:57 | Endurance Aura |
| 7:28 | Watch Tower |
| 7:41 | War Stomp |
| 7:47 | Great Hall |
| 7:50 | Watch Tower |
| 7:55 | Peon |
| 7:55 | Peon |
| 7:55 | Peon |
| 7:55 | Peon |
| 8:00 | Troll Headhunter |
| 8:35 | Orc Burrow |
| 8:55 | Watch Tower |
| 8:58 | Spiked Barricades |
| 9:19 | Stronghold |
| 9:40 | Watch Tower |
| 10:05 | Troll Headhunter |
| 10:09 | Watch Tower |
| 10:33 | Peon |
| 10:33 | Peon |
| 10:33 | Peon |
| 10:33 | Peon |
| 10:54 | Peon |
| 10:54 | Peon |
| 10:54 | Peon |
| 10:54 | Peon |
| 11:24 | Endurance Aura |
| 11:30 | Goblin Shredder |
| 11:56 | Healing Salve |
| 12:09 | Orc Burrow |
| 12:28 | Watch Tower |
| 12:46 | Peon |
| 12:46 | Peon |
| 12:46 | Peon |
| 13:02 | Thorium Ranged Weapons |
| 13:03 | Thorium Armor |
| 13:05 | Troll Regeneration |
| 13:05 | Troll Headhunter |
| 13:08 | Healing Wave |
| 13:36 | Watch Tower |
| 13:36 | Watch Tower |
| 14:29 | Troll Headhunter |
| 14:32 | Reinforced Defenses |
| 14:35 | Tauren Totem |
| 14:39 | Spirit Lodge |
| 14:44 | Orc Burrow |
| 14:46 | Voodoo Lounge |
| 14:59 | Lesser Clarity Potion |
| 15:01 | Lesser Clarity Potion |
| 15:01 | Healing Salve |
| 15:16 | Fortress |
| 15:22 | Scroll of Town Portal |
| 15:59 | Beastiary |
| 16:00 | Spirit Walker |
| 16:02 | Spirit Walker Adept Training |
| 16:11 | Watch Tower |
| 16:54 | Troll Headhunter |
| 17:02 | Spirit Walker |
| 17:04 | Shaman Adept Training |
| 17:05 | Shaman |
| 17:05 | Shaman |
| 17:10 | Watch Tower |
| 17:18 | Lesser Clarity Potion |
| 17:18 | Healing Salve |
| 17:24 | Scroll of Town Portal |
| 17:53 | Grunt |
| 17:54 | Troll Headhunter |
| 18:33 | Watch Tower |
| 18:44 | Berserker Upgrade |
| 18:57 | Altar of Storms |
| 19:02 | Orc Burrow |
| 19:22 | Hex |
| 19:40 | Watch Tower |
| 19:44 | Shaman Master Training |
| 19:44 | Shaman |
| 19:45 | Shaman |
| 19:48 | Pulverize |
| 20:28 | Shaman |
| 20:58 | Great Hall |
| 21:01 | Watch Tower |
| 21:06 | Watch Tower |
| 21:15 | Tauren |
| 21:15 | Tauren |
| 21:23 | War Stomp |
| 21:55 | Steel Melee Weapons |
| 21:55 | Improved Spiked Barricades |
| 22:18 | Spirit Walker Master Training |
| 22:18 | Spirit Walker |
| 22:20 | Witch Doctor Adept Training |
| 22:47 | Healing Wave |
| 23:09 | Beastiary |
| 23:10 | Troll Batrider |
| 23:10 | Troll Batrider |
| 23:10 | Troll Batrider |
| 24:27 | Tauren |
| 24:32 | Troll Berserker |
| 24:33 | Troll Berserker |
| 24:33 | Troll Berserker |
| 24:33 | Troll Berserker |
| 25:10 | Troll Batrider |
| 26:03 | Troll Batrider |
| 26:06 | Peon |
| 26:06 | Peon |
| 26:20 | Healing Salve |
| 27:15 | Peon |
| 27:16 | Peon |
| 27:44 | Troll Batrider |
| 27:45 | Troll Batrider |
| 27:56 | War Mill |
| 28:00 | War Mill |
| 28:02 | Goblin Shredder |
| 29:38 | Great Hall |
| 29:55 | Watch Tower |
| 30:14 | Healing Salve |
| 30:14 | Lesser Clarity Potion |
| 30:19 | Stronghold |
| 30:36 | Peon |
| 30:36 | Peon |
| 30:37 | Peon |
| 30:37 | Peon |
| 30:57 | Watch Tower |
| 31:09 | Great Hall |
| 31:36 | Watch Tower |
| 31:49 | Hex |
| 32:25 | Watch Tower |
| 32:25 | Watch Tower |
| 32:25 | Watch Tower |
| 32:26 | Watch Tower |
| 32:43 | Fortress |
| 32:51 | Beastiary |
| 33:14 | Peon |
| 33:15 | Peon |
| 33:18 | Thorium Melee Weapons |
| 33:36 | Peon |
| 33:58 | Peon |
| 33:58 | Peon |
| 33:58 | Peon |
| 33:58 | Peon |
| 33:58 | Peon |
| 34:10 | Troll Batrider |
| 34:10 | Troll Batrider |
| 34:10 | Troll Batrider |
| 34:11 | Troll Batrider |
| 34:11 | Troll Batrider |
| 34:11 | Troll Batrider |
| 34:11 | Troll Batrider |
| 34:45 | Orc Burrow |
| 34:45 | Orc Burrow |
| 34:50 | Tauren Totem |
| 34:53 | Spirit Lodge |
| 35:10 | Watch Tower |
| 35:10 | Watch Tower |
| 35:46 | Arcanite Ranged Weapons |
| 35:46 | Arcanite Melee Weapons |
| 35:52 | Tauren Totem |
| 35:55 | Spirit Lodge |
| 36:03 | Orc Burrow |
| 36:09 | Watch Tower |
| 36:10 | Watch Tower |
| 36:12 | Watch Tower |
| 36:13 | Watch Tower |
| 36:14 | Watch Tower |
| 36:14 | Watch Tower |
| 36:22 | Scroll of Town Portal |
| 36:28 | Tauren |
| 36:29 | Tauren |
| 36:47 | Lesser Clarity Potion |
| 37:03 | Troll Batrider |
| 37:03 | Troll Batrider |
| 37:03 | Troll Batrider |
| 37:03 | Troll Batrider |
| 37:03 | Troll Batrider |
| 37:03 | Troll Batrider |
| 37:20 | Shaman |
| 37:22 | Tauren |
| 37:23 | Tauren |
| 37:49 | Mirror Image |
| 37:56 | Witch Doctor Master Training |
| 37:58 | Spirit Walker |
| 37:59 | Shaman |
| 38:00 | Troll Witch Doctor |
| 38:56 | Orc Burrow |
| 40:19 | Great Hall |
| 40:22 | War Mill |
| 40:24 | Watch Tower |
| 41:25 | Watch Tower |
| 41:26 | Watch Tower |
| 41:26 | Watch Tower |
| 41:41 | Troll Batrider |
| 41:41 | Troll Batrider |
| 41:41 | Troll Batrider |
| 41:41 | Troll Batrider |
| 41:41 | Troll Batrider |
| 41:41 | Troll Batrider |
| 42:23 | Barracks |
| 43:09 | Scroll of Town Portal |
| 43:09 | Scroll of Town Portal |
| 43:09 | Potion of Lesser Invulnerability |
| 43:46 | Watch Tower |
| 43:46 | Watch Tower |
| 43:46 | Watch Tower |
| 43:47 | Watch Tower |
| 43:47 | Watch Tower |
| 43:48 | Watch Tower |
| 43:49 | Watch Tower |
| 43:51 | Peon |
| 43:52 | Peon |
| 43:52 | Peon |
| 43:55 | Peon |
| 44:41 | Troll Batrider |
| 44:41 | Troll Batrider |
| 44:41 | Troll Batrider |
| 44:41 | Troll Batrider |
| 44:41 | Troll Batrider |
| 45:23 | Arcanite Armor |
| 45:53 | Beastiary |
| 46:25 | Troll Berserker |
| 46:25 | Troll Berserker |
| 46:25 | Troll Berserker |
| 46:25 | Troll Berserker |
| 46:25 | Troll Berserker |
| 46:25 | Troll Berserker |
| 46:26 | Troll Berserker |
| 46:47 | Spirit Walker |
| 46:54 | Barracks |
| 47:00 | Troll Batrider |
| 47:00 | Troll Batrider |
| 47:00 | Troll Batrider |
| 47:00 | Troll Batrider |
| 47:18 | Great Hall |
| 47:33 | Great Hall |
| 48:32 | Watch Tower |
| 48:53 | Healing Wave |
| 49:03 | Kodo Beast |
| 49:03 | Kodo Beast |
| 49:06 | Troll Batrider |
| 49:07 | Troll Batrider |
| 49:07 | Troll Batrider |
| 49:07 | Troll Batrider |
| 49:07 | Troll Batrider |
| 49:07 | Troll Batrider |
| 49:07 | Troll Batrider |
| 49:10 | Troll Batrider |
| 49:10 | Troll Batrider |
| 49:11 | Troll Batrider |
| 49:11 | Troll Batrider |
| 49:11 | Troll Batrider |
| 49:59 | Scroll of Town Portal |
| 50:10 | Peon |
| 51:02 | Great Hall |
| 51:24 | Watch Tower |
| 51:24 | Watch Tower |
| 51:25 | Watch Tower |
| 51:25 | Watch Tower |
| 51:25 | Watch Tower |
| 51:25 | Watch Tower |
| 51:25 | Watch Tower |
| 52:28 | Reincarnation |
| 52:44 | Scroll of Town Portal |
| 52:58 | Tauren |
| 52:58 | Spirit Walker |
| 53:01 | Troll Witch Doctor |
| 53:01 | Shaman |
| 54:31 | Critical Strike |
| 55:00 | Watch Tower |
| 55:01 | Watch Tower |
| 55:01 | Watch Tower |
| 55:28 | Troll Batrider |
| 55:28 | Troll Batrider |
| 55:30 | Troll Batrider |
| 59:14 | Great Hall |
| 60:24 | Envenomed Spears |
| 60:25 | Troll Batrider |
| 60:25 | Troll Batrider |
| 60:28 | Troll Batrider |
| 60:29 | Troll Batrider |
| 60:29 | Troll Batrider |
| 60:31 | Troll Batrider |
| 60:36 | Shaman |
| 60:37 | Troll Witch Doctor |
| 60:45 | Watch Tower |
| 60:45 | Watch Tower |
| 60:45 | Watch Tower |
| 60:46 | Watch Tower |
| 60:46 | Watch Tower |
| 60:55 | Watch Tower |
| 61:15 | Watch Tower |
| 61:16 | Watch Tower |
| 61:28 | Troll Batrider |
| 61:32 | Troll Batrider |
| 61:32 | Troll Batrider |
| 61:33 | Troll Batrider |
| 61:45 | Scroll of Town Portal |
| 61:45 | Scroll of Town Portal |
| 62:27 | Troll Batrider |
| 62:27 | Troll Batrider |
| 62:31 | Troll Batrider |
| 62:31 | Troll Batrider |
| 63:40 | Watch Tower |
| 63:41 | Watch Tower |
| 63:42 | Watch Tower |
| 63:43 | Watch Tower |
| 63:44 | Watch Tower |
| 63:44 | Watch Tower |
| 65:16 | Troll Batrider |
| 65:16 | Troll Batrider |
| 65:16 | Troll Batrider |
| 65:20 | Troll Batrider |
| 65:20 | Troll Batrider |
| 65:20 | Troll Batrider |
| 65:21 | Troll Batrider |
| 65:22 | Troll Batrider |
| 65:24 | Troll Batrider |
| 65:30 | Shaman |
| 65:54 | Troll Berserker |
| 65:54 | Troll Berserker |
| 65:57 | Shaman |
| 66:17 | Scroll of Town Portal |
| 67:52 | Big Bad Voodoo |
| 67:59 | Scroll of Town Portal |
| 68:09 | Troll Batrider |
| 68:09 | Troll Batrider |
| 68:12 | Troll Berserker |
| 68:14 | Raider |
| 68:16 | Troll Batrider |
| 68:16 | Troll Batrider |
| 68:21 | Shaman |
| 68:24 | Troll Witch Doctor |
| 68:25 | Shaman |
| 68:28 | Tauren |
| 69:56 | Great Hall |
| 70:06 | Mirror Image |
| 70:20 | Wind Rider |
| 70:20 | Wind Rider |
| 70:32 | Wind Rider |
| 70:32 | Wind Rider |
| 70:34 | Shaman |
| 72:51 | Great Hall |
| 72:55 | Watch Tower |
| 73:03 | Watch Tower |
| 73:04 | Watch Tower |
| 73:32 | Great Hall |
| 74:29 | Watch Tower |
| 76:55 | Great Hall |
| 76:59 | Troll Batrider |
| 76:59 | Troll Batrider |
| 77:04 | Troll Batrider |
| 77:06 | Troll Batrider |
| 77:35 | Watch Tower |
| 78:06 | Scroll of Town Portal |
| 79:53 | Endurance Aura |
| 80:01 | Critical Strike |
| 80:20 | Healing Salve |
| 80:21 | Scroll of Town Portal |
| 80:32 | Shaman |
| 80:32 | Troll Witch Doctor |
| 80:39 | Troll Berserker |
| 80:39 | Troll Berserker |
| 80:40 | Troll Berserker |
| 80:45 | Lesser Clarity Potion |
| 81:10 | Ensnare |
| 81:11 | Raider |
| 81:11 | Raider |
| 81:17 | Spirit Walker |
| 81:44 | Wind Rider |
| 81:50 | Raider |
| 82:48 | Troll Batrider |
| 82:48 | Troll Batrider |
| 82:48 | Troll Batrider |
| 82:49 | Troll Batrider |
| 82:56 | Troll Batrider |
| 82:56 | Troll Batrider |
| 82:56 | Troll Batrider |
| 82:56 | Troll Batrider |
| 83:48 | Peon |
| 83:48 | Peon |
| 83:48 | Peon |
| 83:50 | Peon |
| 84:04 | Troll Batrider |
| 84:04 | Troll Batrider |
| 84:06 | Troll Batrider |
| 84:07 | Troll Batrider |
| 84:17 | Troll Witch Doctor |
| 84:36 | Great Hall |
| 86:31 | Troll Batrider |
| 86:32 | Troll Batrider |
| 86:36 | Troll Batrider |
| 86:36 | Troll Batrider |
| 88:02 | Peon |
| 88:19 | Troll Batrider |
| 88:19 | Troll Batrider |
| 88:23 | Troll Batrider |
| 88:45 | Great Hall |
| Right click | 2328 |
| Select | 1497 |
| Select group | 1411 |
| Build/train/purchase | 372 |
| Use ability | 311 |
| Chat | 295 |
| Assign group | 110 |
| Misc. action | 93 |
| Remove unit | 28 |
| Item give/drop | 14 |
59 units @ 9.4k
/ 1.8k
34 buildings @ 4.3k
/ 2k



| Scroll of Regeneration | 10 | 1000 |
| Potion of Healing | 9 | 1350 |
| Staff of Sanctuary | 3 | 750 |
| Lesser Clarity Potion | 5 | 350 |
| Orb of Fire | 1 | 325 |
| Scroll of Town Portal | 4 | 1400 |
| Scroll of Healing | 2 | 500 |
| Scroll of Protection | 1 | 150 |
| Potion of Lesser Invulnerability | 1 | 150 |
| total: | 36 | 5975g |
| Peasant | 23 | 1725 | / | 0 |
| Rifleman | 5 | 1025 | / | 150 |
| Knight | 9 | 2205 | / | 540 |
| Spell Breaker | 10 | 2150 | / | 300 |
| Mortar Team | 10 | 1800 | / | 700 |
| Flying Machine | 1 | 100 | / | 30 |
| Goblin Shredder | 1 | 375 | / | 100 |
| total: | 59 | 9380g | / | 1820w |
| Scout Tower | 7 | 210 | / | 140 |
| Arcane Tower | 3 | 210 | / | 150 |
| Guard Tower | 1 | 70 | / | 50 |
| Blacksmith | 1 | 140 | / | 60 |
| Altar of Kings | 1 | 180 | / | 50 |
| Farm | 12 | 960 | / | 240 |
| Barracks | 3 | 480 | / | 180 |
| Town Hall | 4 | 1540 | / | 820 |
| Arcane Vault | 2 | 260 | / | 60 |
| Lumber Mill | 1 | 120 | / | 0 |
| Arcane Sanctum | 1 | 150 | / | 140 |
| Workshop | 2 | 280 | / | 280 |
| Keep | 1 | 320 | / | 210 |
| Castle | 1 | 360 | / | 210 |
| total: | 34 | 4320g | / | 1970w |
| 0:03 | Peasant |
| 0:03 | Peasant |
| 0:03 | Peasant |
| 0:03 | Peasant |
| 0:08 | Peasant |
| 0:08 | Peasant |
| 0:08 | Peasant |
| 0:25 | Peasant |
| 0:46 | Blacksmith |
| 0:52 | Altar of Kings |
| 1:04 | Farm |
| 1:10 | Barracks |
| 1:22 | Farm |
| 1:26 | Peasant |
| 1:33 | Peasant |
| 2:01 | Farm |
| 2:06 | Peasant |
| 2:10 | Rifleman |
| 2:21 | Peasant |
| 2:39 | Rifleman |
| 2:48 | Farm |
| 3:00 | Peasant |
| 3:11 | Holy Light |
| 3:36 | Rifleman |
| 3:50 | Devotion Aura |
| 3:59 | Town Hall |
| 4:20 | Peasant |
| 4:25 | Studded Leather Armor |
| 5:02 | Goblin Shredder |
| 5:22 | Keep |
| 5:26 | Holy Light |
| 5:43 | Rifleman |
| 5:45 | Arcane Vault |
| 6:01 | Black Gunpowder |
| 6:41 | Rifleman |
| 7:02 | Scroll of Regeneration |
| 7:17 | Lumber Mill |
| 7:27 | Town Hall |
| 7:29 | Scout Tower |
| 7:29 | Scout Tower |
| 7:37 | Backpack |
| 7:50 | Castle |
| 7:51 | Long Rifles |
| 7:53 | Devotion Aura |
| 7:57 | Arcane Tower |
| 7:58 | Arcane Tower |
| 7:59 | Arcane Vault |
| 8:42 | Arcane Sanctum |
| 8:46 | Workshop |
| 8:49 | Potion of Healing |
| 8:49 | Potion of Healing |
| 8:49 | Scroll of Regeneration |
| 8:49 | Scroll of Regeneration |
| 9:13 | Siphon Mana |
| 9:52 | Scout Tower |
| 9:53 | Scout Tower |
| 9:53 | Scout Tower |
| 9:54 | Scout Tower |
| 10:04 | Magic Sentry |
| 10:07 | Farm |
| 10:08 | Farm |
| 10:34 | Scout Tower |
| 10:46 | Arcane Tower |
| 10:54 | Farm |
| 11:02 | Guard Tower |
| 11:04 | Farm |
| 11:05 | Farm |
| 11:11 | Storm Bolt |
| 11:35 | Staff of Sanctuary |
| 12:06 | Knight |
| 12:11 | Scroll of Regeneration |
| 12:25 | Potion of Healing |
| 12:42 | Flame Strike |
| 13:05 | Barracks |
| 13:07 | Barracks |
| 13:10 | Spell Breaker |
| 13:17 | Lesser Clarity Potion |
| 13:21 | Lesser Clarity Potion |
| 13:24 | Scroll of Town Portal |
| 13:32 | Orb of Fire |
| 13:51 | Spell Breaker |
| 13:51 | Control Magic |
| 14:06 | Iron Forged Swords |
| 14:06 | Iron Plating |
| 14:19 | Animal War Training |
| 14:22 | Sundering Blades |
| 14:32 | Holy Light |
| 15:07 | Knight |
| 15:13 | Scroll of Regeneration |
| 15:18 | Scroll of Town Portal |
| 15:20 | Staff of Sanctuary |
| 15:46 | Farm |
| 15:47 | Farm |
| 15:49 | Farm |
| 15:51 | Peasant |
| 15:51 | Peasant |
| 15:51 | Peasant |
| 15:52 | Peasant |
| 15:52 | Peasant |
| 15:56 | Knight |
| 16:03 | Town Hall |
| 16:26 | Workshop |
| 16:27 | Mortar Team |
| 16:30 | Spell Breaker |
| 16:52 | Steel Forged Swords |
| 16:53 | Refined Gunpowder |
| 16:54 | Reinforced Leather Armor |
| 16:55 | Steel Plating |
| 17:07 | Mortar Team |
| 17:10 | Improved Masonry |
| 18:06 | Mortar Team |
| 18:08 | Spell Breaker |
| 18:09 | Knight |
| 18:13 | Scroll of Regeneration |
| 18:16 | Potion of Healing |
| 18:18 | Scroll of Town Portal |
| 18:21 | Town Hall |
| 18:26 | Peasant |
| 18:30 | Fragmentation Shards |
| 18:32 | Mortar Team |
| 18:40 | Potion of Healing |
| 18:53 | Potion of Healing |
| 18:58 | Staff of Sanctuary |
| 19:03 | Knight |
| 19:06 | Spell Breaker |
| 19:09 | Flying Machine |
| 19:17 | Mithril Forged Swords |
| 19:19 | Advanced Masonry |
| 20:13 | Bash |
| 21:00 | Knight |
| 21:01 | Spell Breaker |
| 21:01 | Spell Breaker |
| 21:03 | Mortar Team |
| 21:09 | Lesser Clarity Potion |
| 21:11 | Scroll of Regeneration |
| 21:22 | Peasant |
| 21:22 | Peasant |
| 21:22 | Peasant |
| 21:27 | Imbued Masonry |
| 21:45 | Mortar Team |
| 21:51 | Lesser Clarity Potion |
| 21:52 | Scroll of Regeneration |
| 22:05 | Mortar Team |
| 22:17 | Scroll of Town Portal |
| 22:18 | Potion of Healing |
| 22:23 | Potion of Healing |
| 22:29 | Spell Breaker |
| 22:30 | Knight |
| 22:32 | Mortar Team |
| 23:34 | Flame Strike |
| 24:21 | Scroll of Protection |
| 24:21 | Scroll of Healing |
| 24:22 | Potion of Lesser Invulnerability |
| 24:22 | Scroll of Healing |
| 24:53 | Knight |
| 24:55 | Mortar Team |
| 24:57 | Spell Breaker |
| 24:59 | Mortar Team |
| 25:04 | Scroll of Regeneration |
| 25:26 | Scroll of Regeneration |
| 25:46 | Mithril Plating |
| 25:49 | Knight |
| 25:51 | Spell Breaker |
| 25:56 | Lesser Clarity Potion |
| 25:57 | Potion of Healing |
| 26:45 | Storm Bolt |
| Right click | 967 |
| Select | 742 |
| Select group | 626 |
| Build/train/purchase | 177 |
| Use ability | 144 |
| Assign group | 72 |
| Misc. action | 23 |
| Item give/drop | 15 |
| Remove unit | 1 |
99 units @ 12.8k
/ 2.6k
41 buildings @ 6.1k
/ 3.3k



| Staff of Sanctuary | 2 | 500 |
| Potion of Mana | 9 | 1800 |
| Potion of Healing | 7 | 1050 |
| Orb of Fire | 2 | 650 |
| Scroll of Regeneration | 8 | 800 |
| Lesser Clarity Potion | 9 | 630 |
| Scroll of Healing | 3 | 750 |
| Scroll of Town Portal | 3 | 1050 |
| Scroll of Protection | 1 | 150 |
| total: | 44 | 7380g |
| Peasant | 26 | 1950 | / | 0 |
| Rifleman | 3 | 615 | / | 90 |
| Priest | 9 | 1215 | / | 90 |
| Sorceress | 3 | 465 | / | 60 |
| Spell Breaker | 3 | 645 | / | 90 |
| Knight | 8 | 1960 | / | 480 |
| Mortar Team | 3 | 540 | / | 210 |
| Flying Machine | 39 | 3900 | / | 1170 |
| Gryphon Rider | 2 | 560 | / | 140 |
| Goblin Shredder | 2 | 750 | / | 200 |
| Goblin Zeppelin | 1 | 240 | / | 60 |
| total: | 99 | 12840g | / | 2590w |
| Scout Tower | 8 | 240 | / | 160 |
| Guard Tower | 3 | 210 | / | 150 |
| Farm | 13 | 1040 | / | 260 |
| Blacksmith | 1 | 140 | / | 60 |
| Altar of Kings | 1 | 180 | / | 50 |
| Barracks | 1 | 160 | / | 60 |
| Town Hall | 8 | 3080 | / | 1640 |
| Arcane Vault | 1 | 130 | / | 30 |
| Lumber Mill | 1 | 120 | / | 0 |
| Arcane Sanctum | 2 | 300 | / | 280 |
| Workshop | 2 | 280 | / | 280 |
| Gryphon Aviary | 3 | 420 | / | 450 |
| Keep | 1 | 320 | / | 210 |
| Castle | 1 | 360 | / | 210 |
| total: | 41 | 6090g | / | 3270w |
| 0:03 | Peasant |
| 0:03 | Peasant |
| 0:08 | Peasant |
| 0:08 | Peasant |
| 0:08 | Peasant |
| 0:46 | Peasant |
| 0:58 | Peasant |
| 1:08 | Farm |
| 1:21 | Peasant |
| 1:28 | Blacksmith |
| 1:39 | Altar of Kings |
| 1:46 | Barracks |
| 1:53 | Farm |
| 2:14 | Keep |
| 2:26 | Farm |
| 2:39 | Farm |
| 2:55 | Rifleman |
| 3:11 | Rifleman |
| 3:21 | Farm |
| 3:38 | Rifleman |
| 3:41 | Summon Water Elemental |
| 4:02 | Farm |
| 4:17 | Farm |
| 4:46 | Brilliance Aura |
| 4:48 | Arcane Sanctum |
| 5:05 | Arcane Sanctum |
| 5:38 | Priest |
| 5:40 | Thunder Clap |
| 5:50 | Priest |
| 6:01 | Goblin Shredder |
| 6:27 | Sorceress |
| 7:02 | Town Hall |
| 7:19 | Castle |
| 7:40 | Arcane Vault |
| 7:47 | Summon Water Elemental |
| 7:48 | Storm Bolt |
| 8:13 | Workshop |
| 8:15 | Workshop |
| 8:23 | Priest Adept Training |
| 8:26 | Sorceress |
| 8:46 | Storm Bolt |
| 8:50 | Sorceress Adept Training |
| 8:54 | Lumber Mill |
| 9:06 | Brilliance Aura |
| 9:21 | Iron Forged Swords |
| 9:21 | Iron Plating |
| 9:32 | Spell Breaker |
| 9:36 | Flak Cannons |
| 10:00 | Priest Master Training |
| 10:29 | Farm |
| 10:31 | Farm |
| 10:32 | Farm |
| 10:32 | Farm |
| 10:33 | Farm |
| 10:41 | Sorceress Master Training |
| 11:02 | Staff of Sanctuary |
| 11:02 | Potion of Mana |
| 11:02 | Potion of Mana |
| 11:02 | Potion of Healing |
| 11:04 | Orb of Fire |
| 11:13 | Holy Light |
| 11:15 | Animal War Training |
| 12:06 | Sundering Blades |
| 12:07 | Knight |
| 12:58 | Fragmentation Shards |
| 12:58 | Mortar Team |
| 13:17 | Steel Forged Swords |
| 13:18 | Steel Plating |
| 14:39 | Town Hall |
| 14:49 | Priest |
| 14:50 | Knight |
| 15:00 | Thunder Clap |
| 15:05 | Scroll of Healing |
| 15:05 | Scroll of Protection |
| 15:15 | Farm |
| 15:24 | Divine Shield |
| 15:37 | Knight |
| 15:38 | Mithril Forged Swords |
| 16:17 | Mithril Plating |
| 16:29 | Improved Masonry |
| 16:32 | Flying Machine |
| 17:43 | Summon Water Elemental |
| 18:17 | Black Gunpowder |
| 18:21 | Mortar Team |
| 18:25 | Spell Breaker |
| 18:30 | Peasant |
| 18:30 | Peasant |
| 18:41 | Scroll of Regeneration |
| 18:44 | Lesser Clarity Potion |
| 18:46 | Potion of Mana |
| 18:54 | Scroll of Town Portal |
| 19:05 | Studded Leather Armor |
| 19:24 | Peasant |
| 19:24 | Peasant |
| 20:00 | Holy Light |
| 21:00 | Knight |
| 21:00 | Knight |
| 21:07 | Priest |
| 21:18 | Mortar Team |
| 21:21 | Refined Gunpowder |
| 21:21 | Reinforced Leather Armor |
| 21:42 | Lesser Clarity Potion |
| 21:43 | Scroll of Regeneration |
| 21:48 | Potion of Mana |
| 21:48 | Potion of Mana |
| 21:52 | Potion of Healing |
| 22:02 | Potion of Healing |
| 22:02 | Lesser Clarity Potion |
| 22:07 | Staff of Sanctuary |
| 22:10 | Orb of Fire |
| 22:37 | Imbued Gunpowder |
| 23:54 | Scroll of Town Portal |
| 23:57 | Scroll of Regeneration |
| 23:57 | Lesser Clarity Potion |
| 24:05 | Priest |
| 24:07 | Knight |
| 24:11 | Lesser Clarity Potion |
| 24:11 | Potion of Mana |
| 24:14 | Potion of Healing |
| 24:17 | Potion of Healing |
| 24:21 | Mass Teleport |
| 24:25 | Thunder Clap |
| 24:29 | Advanced Masonry |
| 24:32 | Dragonhide Armor |
| 24:47 | Goblin Zeppelin |
| 24:51 | Divine Shield |
| 25:03 | Knight |
| 26:59 | Priest |
| 27:45 | Imbued Masonry |
| 27:51 | Lesser Clarity Potion |
| 27:51 | Scroll of Regeneration |
| 27:55 | Lesser Clarity Potion |
| 27:55 | Potion of Mana |
| 28:12 | Flying Machine |
| 28:12 | Flying Machine |
| 28:18 | Gryphon Aviary |
| 28:22 | Gryphon Aviary |
| 28:23 | Gryphon Aviary |
| 28:28 | Potion of Mana |
| 28:30 | Potion of Healing |
| 29:18 | Flying Machine |
| 29:32 | Priest |
| 30:01 | Town Hall |
| 30:27 | Storm Hammers |
| 30:27 | Gryphon Rider |
| 30:44 | Scroll of Healing |
| 30:47 | Scroll of Healing |
| 32:21 | Town Hall |
| 32:42 | Flying Machine |
| 32:54 | Flying Machine |
| 32:54 | Flying Machine |
| 33:06 | Flying Machine |
| 33:20 | Holy Light |
| 33:31 | Spell Breaker |
| 33:45 | Scroll of Regeneration |
| 33:49 | Flying Machine |
| 34:48 | Storm Bolt |
| 35:09 | Peasant |
| 35:10 | Peasant |
| 35:33 | Goblin Shredder |
| 35:37 | Peasant |
| 35:39 | Peasant |
| 35:39 | Peasant |
| 35:40 | Peasant |
| 35:58 | Flying Machine |
| 35:59 | Flying Machine |
| 37:50 | Brilliance Aura |
| 37:52 | Flying Machine |
| 37:53 | Flying Machine |
| 38:18 | Flying Machine |
| 38:18 | Flying Machine |
| 38:34 | Peasant |
| 38:34 | Peasant |
| 38:40 | Lesser Clarity Potion |
| 38:40 | Scroll of Regeneration |
| 38:47 | Flying Machine |
| 38:48 | Flying Machine |
| 39:16 | Knight |
| 39:19 | Gryphon Rider |
| 41:15 | Scout Tower |
| 41:45 | Scout Tower |
| 41:47 | Scout Tower |
| 42:01 | Flying Machine |
| 42:02 | Flying Machine |
| 42:33 | Flying Machine |
| 43:02 | Flying Machine |
| 43:06 | Lesser Clarity Potion |
| 43:06 | Scroll of Regeneration |
| 43:08 | Resurrection |
| 43:15 | Flying Machine |
| 43:15 | Flying Machine |
| 43:23 | Barrage |
| 43:28 | Scroll of Town Portal |
| 43:36 | Priest |
| 44:37 | Town Hall |
| 45:59 | Flying Machine |
| 46:04 | Peasant |
| 46:04 | Peasant |
| 47:16 | Town Hall |
| 47:52 | Priest |
| 47:57 | Guard Tower |
| 48:28 | Guard Tower |
| 49:08 | Avatar |
| 49:14 | Flying Machine |
| 49:14 | Flying Machine |
| 49:30 | Scroll of Regeneration |
| 49:44 | Peasant |
| 49:44 | Peasant |
| 49:56 | Peasant |
| 50:02 | Scout Tower |
| 50:04 | Scout Tower |
| 50:06 | Scout Tower |
| 50:53 | Flying Machine Bombs |
| 51:22 | Sorceress |
| 52:26 | Flying Machine |
| 52:26 | Flying Machine |
| 52:34 | Town Hall |
| 53:03 | Town Hall |
| 53:11 | Flying Machine |
| 53:19 | Flying Machine |
| 53:27 | Scout Tower |
| 53:47 | Flying Machine |
| 53:47 | Flying Machine |
| 54:16 | Guard Tower |
| 54:26 | Scout Tower |
| 55:26 | Peasant |
| 55:59 | Blizzard |
| 56:16 | Flying Machine |
| 56:16 | Flying Machine |
| 56:48 | Flying Machine |
| 56:49 | Flying Machine |
| 56:49 | Flying Machine |
| 57:22 | Flying Machine |
| 57:22 | Flying Machine |
| 57:45 | Divine Shield |
| 57:46 | Divine Shield |
| 57:46 | Divine Shield |
| 57:46 | Divine Shield |
| 57:47 | Divine Shield |
| 57:47 | Divine Shield |
| 57:47 | Divine Shield |
| 57:48 | Divine Shield |
| 57:48 | Divine Shield |
| 57:48 | Divine Shield |
| 57:49 | Divine Shield |
| 57:49 | Divine Shield |
| 57:49 | Divine Shield |
| 57:49 | Divine Shield |
| 57:50 | Divine Shield |
| 57:54 | Potion of Mana |
| 57:54 | Potion of Healing |
| Select group | 4705 |
| Right click | 2876 |
| Select | 1441 |
| Misc. action | 833 |
| Build/train/purchase | 502 |
| Use ability | 205 |
| Assign group | 169 |
| Item give/drop | 13 |
128 units @ 19.9k
/ 3.5k
106 buildings @ 18.6k
/ 6.2k



| Rod of Necromancy | 4 | 600 |
| Ritual Dagger | 1 | 125 |
| Sacrificial Skull | 1 | 50 |
| Orb of Corruption | 2 | 750 |
| Potion of Mana | 2 | 400 |
| Scroll of Town Portal | 12 | 4200 |
| Scroll of Healing | 16 | 4000 |
| Boots of Speed | 2 | 500 |
| Potion of Lesser Invulnerability | 13 | 1950 |
| Scroll of Protection | 12 | 1800 |
| Potion of Invisibility | 1 | 100 |
| total: | 66 | 14475g |
| Acolyte | 57 | 4275 | / | 0 |
| Ghoul | 2 | 240 | / | 0 |
| Crypt Fiend | 6 | 1290 | / | 240 |
| Obsidian Statue | 15 | 3000 | / | 525 |
| Banshee | 19 | 2945 | / | 570 |
| Frost Wyrm | 10 | 3850 | / | 1200 |
| Gargoyle | 12 | 2100 | / | 360 |
| Abomination | 3 | 720 | / | 210 |
| Goblin Shredder | 4 | 1500 | / | 400 |
| total: | 128 | 19920g | / | 3505w |
| Spirit Tower | 9 | 1305 | / | 360 |
| Nerubian Tower | 2 | 200 | / | 40 |
| Crypt | 13 | 2600 | / | 650 |
| Graveyard | 5 | 1075 | / | 0 |
| Altar of Darkness | 3 | 540 | / | 150 |
| Ziggurat | 36 | 5400 | / | 1800 |
| Tomb of Relics | 2 | 260 | / | 60 |
| Necropolis | 24 | 5400 | / | 0 |
| Slaughterhouse | 11 | 1540 | / | 1485 |
| Temple of the Damned | 4 | 620 | / | 560 |
| Sacrificial Pit | 2 | 150 | / | 300 |
| Boneyard | 6 | 1050 | / | 1200 |
| Halls of the Dead | 6 | 1920 | / | 1260 |
| Black Citadel | 4 | 1300 | / | 920 |
| total: | 106 | 18635g | / | 6205w |
| 0:02 | Acolyte |
| 0:10 | Crypt |
| 0:13 | Graveyard |
| 0:17 | Acolyte |
| 0:18 | Acolyte |
| 0:18 | Acolyte |
| 0:21 | Acolyte |
| 0:26 | Graveyard |
| 0:27 | Graveyard |
| 0:30 | Acolyte |
| 0:45 | Altar of Darkness |
| 0:47 | Altar of Darkness |
| 0:59 | Ziggurat |
| 1:11 | Ghoul |
| 1:27 | Tomb of Relics |
| 1:51 | Crypt Fiend |
| 2:01 | Ziggurat |
| 2:23 | Crypt Fiend |
| 2:48 | Rod of Necromancy |
| 2:49 | Death Coil |
| 2:55 | Ghoul |
| 3:14 | Crypt Fiend |
| 3:45 | Ziggurat |
| 3:46 | Crypt Fiend |
| 4:12 | Acolyte |
| 4:31 | Halls of the Dead |
| 4:42 | Creature Attack |
| 5:25 | Crypt Fiend |
| 5:40 | Ziggurat |
| 5:42 | Creature Carapace |
| 6:05 | Unholy Aura |
| 6:42 | Rod of Necromancy |
| 6:42 | Ritual Dagger |
| 6:45 | Sacrificial Skull |
| 7:37 | Necropolis |
| 7:54 | Rod of Necromancy |
| 8:04 | Death Coil |
| 8:05 | Frost Nova |
| 8:23 | Ziggurat |
| 8:24 | Ziggurat |
| 8:30 | Black Citadel |
| 8:45 | Slaughterhouse |
| 8:53 | Frost Armor |
| 9:09 | Goblin Shredder |
| 9:09 | Goblin Shredder |
| 9:22 | Slaughterhouse |
| 10:21 | Temple of the Damned |
| 10:23 | Sacrificial Pit |
| 10:25 | Acolyte |
| 10:25 | Acolyte |
| 10:25 | Acolyte |
| 10:26 | Acolyte |
| 10:35 | Obsidian Statue |
| 10:43 | Improved Creature Attack |
| 11:17 | Obsidian Statue |
| 11:32 | Acolyte |
| 11:42 | Acolyte |
| 11:49 | Acolyte |
| 12:16 | Scroll of Town Portal |
| 12:25 | Sleep |
| 12:28 | Banshee |
| 12:33 | Acolyte |
| 12:44 | Web |
| 12:58 | Banshee |
| 13:00 | Banshee Adept Training |
| 13:06 | Unholy Aura |
| 13:15 | Acolyte |
| 13:21 | Banshee |
| 13:24 | Improved Creature Carapace |
| 13:53 | Boots of Speed |
| 13:53 | Potion of Lesser Invulnerability |
| 14:16 | Banshee |
| 14:16 | Banshee Master Training |
| 14:19 | Frost Nova |
| 14:28 | Boneyard |
| 14:32 | Boneyard |
| 14:35 | Acolyte |
| 15:05 | Carrion Swarm |
| 15:15 | Necropolis |
| 15:28 | Advanced Creature Attack |
| 15:55 | Potion of Lesser Invulnerability |
| 15:55 | Potion of Lesser Invulnerability |
| 15:57 | Scroll of Protection |
| 16:00 | Spirit Tower |
| 16:07 | Spirit Tower |
| 16:58 | Ziggurat |
| 16:58 | Ziggurat |
| 17:00 | Acolyte |
| 17:24 | Advanced Creature Carapace |
| 17:26 | Acolyte |
| 18:17 | Frost Wyrm |
| 18:34 | Destroyer Form |
| 18:35 | Banshee |
| 18:41 | Ziggurat |
| 18:42 | Ziggurat |
| 18:43 | Acolyte |
| 18:45 | Acolyte |
| 18:52 | Acolyte |
| 19:18 | Slaughterhouse |
| 19:20 | Temple of the Damned |
| 19:23 | Frost Wyrm |
| 19:30 | Freezing Breath |
| 19:40 | Rod of Necromancy |
| 19:55 | Acolyte |
| 19:57 | Scroll of Town Portal |
| 20:10 | Ziggurat |
| 20:12 | Ziggurat |
| 20:19 | Ziggurat |
| 20:27 | Ziggurat |
| 20:34 | Potion of Lesser Invulnerability |
| 20:41 | Scroll of Protection |
| 20:52 | Potion of Invisibility |
| 20:58 | Scroll of Healing |
| 21:09 | Scroll of Healing |
| 21:33 | Necropolis |
| 21:34 | Necropolis |
| 21:44 | Spirit Tower |
| 21:49 | Nerubian Tower |
| 22:01 | Carrion Swarm |
| 22:27 | Orb of Corruption |
| 23:16 | Scroll of Town Portal |
| 23:20 | Potion of Mana |
| 23:29 | Acolyte |
| 23:30 | Acolyte |
| 24:26 | Death Coil |
| 24:41 | Frost Armor |
| 25:04 | Sleep |
| 25:06 | Frost Wyrm |
| 25:16 | Obsidian Statue |
| 25:53 | Frost Wyrm |
| 26:41 | Slaughterhouse |
| 26:42 | Slaughterhouse |
| 26:44 | Crypt |
| 26:45 | Crypt |
| 27:03 | Frost Wyrm |
| 27:22 | Crypt |
| 27:23 | Spirit Tower |
| 27:25 | Spirit Tower |
| 27:26 | Ziggurat |
| 27:27 | Ziggurat |
| 27:27 | Ziggurat |
| 27:28 | Ziggurat |
| 27:28 | Ziggurat |
| 27:29 | Ziggurat |
| 27:29 | Ziggurat |
| 27:29 | Ziggurat |
| 27:49 | Acolyte |
| 27:49 | Acolyte |
| 28:17 | Acolyte |
| 28:59 | Acolyte |
| 29:09 | Spirit Tower |
| 29:28 | Frost Nova |
| 30:23 | Boneyard |
| 30:24 | Boneyard |
| 30:27 | Temple of the Damned |
| 30:28 | Unholy Strength |
| 30:34 | Graveyard |
| 30:36 | Necropolis |
| 30:41 | Necropolis |
| 30:42 | Halls of the Dead |
| 30:52 | Animate Dead |
| 30:53 | Carrion Swarm |
| 31:23 | Gargoyle |
| 31:24 | Frost Wyrm |
| 31:31 | Obsidian Statue |
| 31:32 | Banshee |
| 31:46 | Gargoyle |
| 31:57 | Scroll of Healing |
| 31:58 | Orb of Corruption |
| 32:01 | Gargoyle |
| 32:06 | Abomination |
| 32:07 | Disease Cloud |
| 32:11 | Improved Unholy Strength |
| 32:13 | Unholy Armor |
| 32:13 | Improved Unholy Armor |
| 33:12 | Ziggurat |
| 33:13 | Ziggurat |
| 33:13 | Ziggurat |
| 33:13 | Ziggurat |
| 33:15 | Crypt |
| 33:16 | Crypt |
| 33:16 | Crypt |
| 33:18 | Slaughterhouse |
| 33:18 | Slaughterhouse |
| 33:24 | Scroll of Protection |
| 33:25 | Scroll of Healing |
| 33:34 | Advanced Unholy Strength |
| 33:35 | Advanced Unholy Armor |
| 33:40 | Necromancer Adept Training |
| 33:40 | Skeletal Mastery |
| 33:43 | Stone Form |
| 34:07 | Obsidian Statue |
| 35:03 | Gargoyle |
| 35:08 | Gargoyle |
| 35:12 | Necropolis |
| 35:17 | Scroll of Town Portal |
| 36:21 | Necropolis |
| 36:34 | Necropolis |
| 39:16 | Acolyte |
| 39:17 | Acolyte |
| 39:18 | Gargoyle |
| 39:38 | Frost Wyrm |
| 39:44 | Crypt |
| 39:46 | Crypt |
| 39:53 | Acolyte |
| 39:53 | Acolyte |
| 40:26 | Scroll of Town Portal |
| 40:42 | Gargoyle |
| 41:23 | Gargoyle |
| 41:33 | Obsidian Statue |
| 42:52 | Inferno |
| 42:55 | Death and Decay |
| 43:26 | Scroll of Healing |
| 43:26 | Scroll of Protection |
| 44:09 | Scroll of Town Portal |
| 44:23 | Potion of Lesser Invulnerability |
| 44:34 | Acolyte |
| 44:36 | Acolyte |
| 45:08 | Scroll of Healing |
| 45:11 | Potion of Lesser Invulnerability |
| 45:11 | Potion of Lesser Invulnerability |
| 45:13 | Boots of Speed |
| 45:47 | Banshee |
| 46:07 | Unholy Aura |
| 46:56 | Gargoyle |
| 47:01 | Frost Wyrm |
| 47:15 | Scroll of Town Portal |
| 47:22 | Obsidian Statue |
| 48:24 | Potion of Mana |
| 49:03 | Necropolis |
| 49:05 | Necropolis |
| 49:09 | Necropolis |
| 49:43 | Potion of Lesser Invulnerability |
| 49:50 | Acolyte |
| 49:52 | Acolyte |
| 49:53 | Acolyte |
| 50:08 | Acolyte |
| 50:11 | Acolyte |
| 50:31 | Acolyte |
| 51:52 | Necropolis |
| 52:40 | Necropolis |
| 53:09 | Acolyte |
| 53:24 | Necropolis |
| 53:36 | Ziggurat |
| 53:38 | Ziggurat |
| 53:41 | Acolyte |
| 53:52 | Acolyte |
| 55:24 | Necropolis |
| 55:33 | Acolyte |
| 55:33 | Acolyte |
| 56:29 | Frost Armor |
| 56:33 | Sleep |
| 56:58 | Gargoyle |
| 57:26 | Acolyte |
| 57:26 | Acolyte |
| 57:26 | Acolyte |
| 57:26 | Acolyte |
| 57:47 | Death Pact |
| 57:59 | Vampiric Aura |
| 58:09 | Crypt |
| 58:12 | Crypt |
| 58:22 | Slaughterhouse |
| 58:32 | Slaughterhouse |
| 58:35 | Temple of the Damned |
| 58:46 | Dark Ritual |
| 58:49 | Acolyte |
| 58:52 | Tomb of Relics |
| 59:14 | Potion of Lesser Invulnerability |
| 59:16 | Scroll of Protection |
| 59:45 | Scroll of Healing |
| 61:01 | Scroll of Town Portal |
| 61:01 | Scroll of Town Portal |
| 62:13 | Banshee |
| 62:14 | Obsidian Statue |
| 63:07 | Banshee |
| 63:08 | Obsidian Statue |
| 63:55 | Banshee |
| 63:57 | Banshee |
| 64:21 | Halls of the Dead |
| 65:32 | Necropolis |
| 65:40 | Potion of Lesser Invulnerability |
| 65:50 | Scroll of Protection |
| 66:23 | Scroll of Healing |
| 68:10 | Scroll of Town Portal |
| 68:16 | Scroll of Protection |
| 68:30 | Sacrificial Pit |
| 69:55 | Necropolis |
| 70:10 | Banshee |
| 70:11 | Obsidian Statue |
| 70:15 | Potion of Lesser Invulnerability |
| 70:18 | Scroll of Healing |
| 70:19 | Scroll of Protection |
| 70:25 | Scroll of Healing |
| 70:29 | Graveyard |
| 70:37 | Necropolis |
| 70:39 | Acolyte |
| 70:40 | Acolyte |
| 70:41 | Acolyte |
| 70:48 | Banshee |
| 71:06 | Necropolis |
| 71:14 | Ziggurat |
| 71:36 | Obsidian Statue |
| 71:40 | Altar of Darkness |
| 72:10 | Crypt Fiend |
| 72:13 | Gargoyle |
| 72:28 | Crypt |
| 72:29 | Crypt |
| 72:50 | Goblin Shredder |
| 72:50 | Goblin Shredder |
| 73:40 | Obsidian Statue |
| 74:30 | Ziggurat |
| 74:30 | Ziggurat |
| 74:53 | Obsidian Statue |
| 75:03 | Black Citadel |
| 75:40 | Spirit Tower |
| 75:41 | Spirit Tower |
| 75:43 | Necropolis |
| 76:12 | Slaughterhouse |
| 76:14 | Slaughterhouse |
| 76:46 | Acolyte |
| 76:48 | Acolyte |
| 77:27 | Boneyard |
| 77:31 | Boneyard |
| 77:45 | Necropolis |
| 78:18 | Abomination |
| 78:44 | Abomination |
| 80:06 | Gargoyle |
| 80:07 | Obsidian Statue |
| 80:28 | Frost Wyrm |
| 80:33 | Potion of Lesser Invulnerability |
| 80:34 | Scroll of Healing |
| 80:34 | Scroll of Protection |
| 80:36 | Scroll of Healing |
| 81:04 | Potion of Lesser Invulnerability |
| 81:08 | Scroll of Healing |
| 81:08 | Scroll of Protection |
| 81:27 | Ziggurat |
| 81:28 | Ziggurat |
| 81:28 | Ziggurat |
| 82:39 | Banshee |
| 82:39 | Banshee |
| 82:56 | Death Pact |
| 83:03 | Dark Ritual |
| 83:37 | Scroll of Town Portal |
| 83:37 | Scroll of Town Portal |
| 83:48 | Scroll of Protection |
| 84:02 | Necropolis |
| 84:12 | Spirit Tower |
| 84:17 | Ziggurat |
| 84:17 | Ziggurat |
| 84:33 | Banshee |
| 84:33 | Banshee |
| 84:59 | Banshee |
| 85:04 | Acolyte |
| 85:42 | Vampiric Aura |
| 86:10 | Frost Wyrm |
| 86:46 | Obsidian Statue |
| 87:35 | Scroll of Healing |
| 87:35 | Scroll of Protection |
| 89:53 | Necropolis |
| 90:05 | Scroll of Healing |
| 90:16 | Scroll of Healing |
| 90:28 | Banshee |
| Right click | 9077 |
| Select group | 6956 |
| Select | 3445 |
| Build/train/purchase | 455 |
| Use ability | 419 |
| Misc. action | 337 |
| Chat | 253 |
| Assign group | 244 |
| Esc | 30 |
| Item give/drop | 12 |
| Remove unit | 2 |
⇛